 Dungeon Crawl Stone Soup version 0.31-a0-193-gdfe2569204 (webtiles) character file.

Game seed: 8394032196399263793

66 qw the Shooter (level 3, 0/20 HPs)
             Began as a Deep Elf Hunter on June 24, 2023.
             Slain by Terence
             ... wielding a +0 short sword
              (5 damage)
             ... on level 3 of the Dungeon.
             The game lasted 00:00:37 (1389 turns).

qw the Shooter (Deep Elf Hunter)                    Turns: 1389, Time: 00:00:38

Health: 0/20       AC:  6    Str: 10    XL:     3   Next: 96%
Magic:  5/5        EV: 11    Int: 13    God:
Gold:   85         SH:  0    Dex: 16    Spells: 2/2 levels left

rFire   + . .        Y - +0 shortbow
rCold   x . .        (shield currently unavailable)
rNeg    + . .        e - +0 ring mail
rPois   .            (no helmet)
rElec   .            (no cloak)
rCorr   +            f - +0 pair of gloves
SInv    +            (no boots)
Will    .....        (no amulet)
Stlth   +            b - ring "Enougent" {Fire rN+ rCorr Dex-2 SInv}
HPRegen 0.23/turn    (no ring)
MPRegen 0.09/turn

%: no passive effects
@: no status effects
A: no striking features
a: no special abilities


You were on level 3 of the Dungeon.
You visited 1 branch of the dungeon, and saw 3 of its levels.

You collected 85 gold pieces.


   Skills:
 - Level 1.5 Fighting
 + Level 7.4 Ranged Weapons
 - Level 2.4 Dodging
 - Level 1.2 Stealth


You had 2 spell levels left.
You didn't know any spells.
Your spell library was empty.

Inventory:

Hand Weapons
 Y - a +0 shortbow (weapon)
Armour
 e - a +0 ring mail (worn)
 f - a +0 pair of gloves (worn)
Jewellery
 b - the ring "Enougent" (left hand) {Fire rN+ rCorr Dex-2 SInv}
   (You found it on level 2 of the Dungeon)

   [ring of fire]

   It enhances your fire magic.
   Dex:       It affects your dexterity (-2).
   rF:        It protects you from fire.
   rC:        It makes you vulnerable to cold.
   rN:        It protects you from negative energy.
   SInv:      It lets you see invisible.
   rCorr:     It protects you from acid and corrosion.
Potions
 a - a potion of heal wounds {unknown}
 g - a potion of enlightenment
 i - a potion of resistance {unknown}

Dungeon Overview and Level Annotations

Branches:
Dungeon (3/15)

Altars:
The Shining One

Annotations:
D:3 Terence


Message History

The ball python hisses angrily.
The arrow hits the bat.
You kill the bat!
You hear a shout!
A kobold comes into view. It is wielding a +0 club.
You shoot an arrow. The arrow hits the ball python!
You kill the ball python!
You shoot an arrow. The arrow completely misses the kobold.
The kobold throws a stone.
The stone hits you but does no damage.
You shoot an arrow.
The arrow hits the kobold but does no damage.
Terence the Incautious comes into view.
He is wielding a +0 short sword.
You shoot an arrow. The arrow closely misses the kobold.
Terence shouts!
The kobold throws a stone.
The stone hits you but does no damage.
You shoot an arrow. The arrow hits the kobold!
You kill the kobold!
You shoot an arrow. The arrow barely misses Terence.
You shoot an arrow. The arrow closely misses Terence.
You shoot an arrow. The arrow barely misses Terence.
You shoot an arrow. The arrow barely misses Terence.
Terence drinks a potion.
Terence goes berserk!
You shoot an arrow. The arrow barely misses Terence.
Terence hits you with a +0 short sword.
You shoot an arrow. The arrow hits Terence.
Terence is lightly wounded.
Terence hits you with a +0 short sword. Terence hits you but does no damage.
You shoot an arrow.
The arrow hits Terence but does no damage.
Terence is lightly wounded.
Terence completely misses you.
You shoot an arrow. The arrow hits Terence!
Terence is moderately wounded.
Terence hits you but does no damage. Terence hits you with a +0 short sword!
You shoot an arrow. The arrow barely misses Terence.
Terence closely misses you. Terence barely misses you.
You shoot an arrow. The arrow hits Terence!
Terence is heavily wounded.
Terence hits you with a +0 short sword.
You die...

.~.......%.#
....~.....).#
...~~....... ##
._......... ..#
...~~.).#.# #.#
....~...#.###.#
~.~.........#.#
~.~~.%........#
......@@##....#
......$.......##.#
..###.#.#....<...#
...#.#.##.#####
.## #......# #
###.#### #.. #.


You could see Terence (berserk).

Vanquished Creatures
  2 worms (D:2)
  A dart slug (D:2)
  3 endoplasms
  4 giant cockroaches
  7 goblins
  6 hobgoblins
  4 jackals (D:2)
  6 kobolds
  2 quokkas
  4 ball pythons
  6 bats
  3 frilled lizards
  7 rats
55 creatures vanquished.

Notes
Turn   | Place    | Note
-------+----------+-------------------------------------------
     0 | D:1      | qw the Deep Elf Hunter began the quest for the Orb.
     0 | D:1      | Reached XP level 1. HP: 12/12 MP: 3/3
     0 | D:1      | 0 ||| qw: Version: 0.3-a-9-g12657ce
     0 | D:1      | 0 ||| qw: Game counter: 4672
     0 | D:1      | 0 ||| qw: Always use a shield: true
     0 | D:1      | 0 ||| qw: God list: Okawaru
     0 | D:1      | 0 ||| qw: Allow faded altars: false
     0 | D:1      | 0 ||| qw: Do Orc after D:15 true
     0 | D:1      | 0 ||| qw: Do second Lair branch before Depths: true
     0 | D:1      | 0 ||| qw: Lair rune preference: random
     0 | D:1      | 0 ||| qw: Plans: Normal
     0 | D:1      | 0 ||| PLANNING D:1-11
   212 | D:1      | Reached skill level 6 in Ranged Weapons
   212 | D:1      | Reached XP level 2. HP: 10/16 MP: 4/4
   707 | D:1      | 707 ||| UPGRADING to +0 ring mail.
   717 | D:1      | 717 ||| DROPPING +0 leather armour.
   718 | D:1      | 718 ||| UPGRADING to +0 pair of gloves.
   723 | D:1      | 723 ||| READING scroll labelled PYIDOOLUGECW.
   724 | D:1      | 724 ||| READING scroll labelled AVIREERAYDA.
   725 | D:1      | 725 ||| READING scroll labelled XOFFUZ HYLIOCA.
   726 | D:1      | 726 ||| DRINKING 2 bubbling coppery potions.
   727 | D:1      | 727 ||| DROPPING scroll of butterflies.
   841 | D:2      | Reached XP level 3. HP: 20/20 MP: 5/5
   964 | D:2      | Identified the ring "Enougent" {Fire rN+ rCorr Dex-2 SInv}
  1022 | D:2      | Reached skill level 7 in Ranged Weapons
  1346 | D:2      | 1346 ||| UPGRADING to ring "Enougent" {Fire rN+ rCorr Dex-2
                  | SInv}.
  1369 | D:3      | Found a glowing golden altar of the Shining One.
  1377 | D:3      | Noticed Terence
  1387 | D:3      | HP: 4/20 [Terence/+0 short sword (8)]
  1389 | D:3      | Slain by Terence

Levels and vault maps discovered:
D:1:      shiori_arrival_oz, layout_loops_cross, serial_forest,
          infiniplex_forest_clump_tiny, infiniplex_forest_straight_1,
          infiniplex_forest_clump_small, infiniplex_forest_clump_double
D:2:      layout_loops_ring, serial_bayou_lagoon_b
D:3:      layout_loops_cross, ashenzari_altar_1,
          mainiacjoe_overflow_small_starburst, kennysheep_nondescript,
          uniq_terence

Skill      XL: |  1  2  3 |
---------------+----------+-----
Ranged Weapons | 6 7 |  7.4
Fighting       | |  1.5
Dodging        | |  2.4
Stealth        | |  1.2

Action                     || total
---------------------------++-------
   Fire: Shortbow          ||   152
    Use: Scroll            ||     3
         Potion            ||     1
 Armour: Leather armour    ||     1
         Ring mail         ||    21
  Dodge: Dodged            ||    33

Table legend:
 A = Non-vault XP
 B = Vault XP
 C = Vault XP percentage of total XP
 D = Non-vault monster count
 E = Vault monster count
 F = Vault count percentage of total count
                 A         B        C        D         E       F
            +---------+---------+-------+---------+---------+-------
      Total |      93 |       2 |   2.1 |      54 |       1 |   1.8
            +---------+---------+-------+---------+---------+-------
        D:1 |      34 |       2 |   5.6 |      23 |       1 |   4.2
        D:2 |      47 |       0 |   0.0 |      24 |       0 |   0.0
        D:3 |      12 |       0 |   0.0 |       7 |       0 |   0.0
            +---------+---------+-------+---------+---------+-------
